Map: Rhoskallian LE

Players

MrSuccess

  • Race: Zerg Zerg
  • League: Gold
  • Spawn Location: 5:00

Swarm

  • Race: Zerg Zerg
  • League: Diamond
  • Spawn Location: 6:00

Massa

  • Race: Terran Terran
  • League: Gold
  • Spawn Location: 12:00

qqq

  • Race: Protoss Protoss
  • League: Platinum
  • Spawn Location: 11:00

VOD

Have the link to the VOD?

Description

Time

  • Played on: July 27, 2020, 7:32 a.m.
  • Length: 13:48
Show
View Real Time Build Order
Export as new Build Order

MrSuccess Zerg 

Build Orders: Hatch First 

Get SALT Encoding   

  12  0:01  Drone  
  13  0:13  Overlord  
  13  0:18  Drone  
  14  0:32  Drone x2  
  16  0:36  Drone  
  17  0:57  Hatchery  
  17  1:01  Drone  
  17  1:03  Drone  
  18  1:10  Drone  
  19  1:18  Extractor  
  19  1:24  Drone  
  19  1:41  Drone, Spawning Pool  
  19  1:53  Drone  
  19  1:54  Drone  
  21  2:07  Drone  
  22  2:27  Drone x3  
  22  2:28  Zergling x2  
  26  2:32  Drone, Roach Warren  
  26  2:35  Metabolic Boost  
  26  2:48  Drone  
  26  2:50  Zergling x2  
  28  3:03  Overlord x3  
  28  3:06  Extractor  
  28  3:08  Queen  
  28  3:09  Extractor  
  28  3:10  Extractor  
  27  3:13  Overlord  
  27  3:21  Queen  
  27  3:22  Roach x2  
  27  3:25  Drone  
  34  3:33  Drone x2  
  36  3:40  Drone x2  
  38  3:46  Drone  
  39  3:57  Drone  
  39  3:58  Drone  
  41  4:03  Lair, Roach  
  43  4:13  Roach x2  
  47  4:22  Drone  
  47  4:23  Drone  
  49  4:30  Drone  
  49  4:31  Drone x2  
  51  4:32  Drone  
  51  4:33  Drone x3  
  56  4:39  Ravager x2  
  58  4:46  Overlord x2  
  58  5:07  Roach  
  58  5:08  Roach x4  
  66  5:25  Roach  
  66  5:26  Baneling Nest  
  66  5:27  Overlord x4  
  67  5:35  Evolution Chamber  
  67  5:36  Evolution Chamber  
  67  5:37  Drone x3  
  67  5:38  Overlord  
  67  5:39  Overlord  
  68  5:48  Roach  
  68  5:49  Roach x2  
  74  5:53  Overseer  
  74  6:07  Roach x2  
  74  6:08  Roach x5  
  88  6:30  Roach  
  88  6:31  Roach x4  
  98  6:38  Drone x4  
  102  6:57  Drone  
  103  7:07  Roach  
  103  7:08  Roach x3  
  111  7:18  Roach  
  111  7:21  Ravager x3  
  116  7:23  Overlord x3  
  116  7:24  Zerg Missile Weapons Level 1  
  116  7:25  Hatchery  
  115  7:36  Overlord x3  
  115  7:37  Overlord  
  115  7:45  Hydralisk Den, Roach x2  
  118  7:53  Drone  
  118  7:54  Drone  
  120  8:11  Roach x8  
  136  8:18  Ravager x3  
  139  8:24  Glial Reconstitution  
  139  8:29  Drone x3  
  139  8:32  Drone  
  143  8:36  Drone x2  
  143  8:37  Drone x4  
  149  8:55  Hydralisk  
  149  8:56  Hydralisk x4  
  159  9:05  Hydralisk  
  159  9:06  Hydralisk  
  159  9:07  Hydralisk x2  
  162  9:23  Ravager x2  
  164  9:39  Zergling x8  
  164  9:40  Zergling x20  
  178  9:47  Overlord  
  176  10:07  Ravager x2  
  176  10:08  Ravager x4  
  182  10:21  Hydralisk x2  
  181  10:34  Hydralisk x4  
  185  10:42  Ravager  
  184  10:44  Ravager  
  184  10:47  Zergling x2  
  184  10:48  Overlord x3  
  186  11:06  Queen  
  177  11:31  Zergling x2  
  177  11:32  Zergling x22  
  178  11:48  Burrow  
  178  11:51  Pneumatized Carapace  
  178  11:56  Drone x3  
  178  11:57  Drone x3  
  178  11:59  Drone  
  178  12:00  Extractor  
  184  12:01  Extractor  
  177  12:20  Hatchery  
  176  12:26  Grooved Spines  
  176  12:31  Drone  
  177  12:39  Hydralisk x10  
  177  12:40  Hydralisk  
  199  12:52  Infestation Pit  
  199  12:56  Ravager  
  199  12:57  Ravager  
  174  13:26  Zergling x18  
Show
View Real Time Build Order
Export as new Build Order

Swarm Zerg 

Build Orders: Hatch First, Roach Nydus 

Get SALT Encoding   

  12  0:07  Drone  
  12  0:12  Overlord  
  13  0:18  Drone  
  14  0:31  Drone  
  14  0:32  Drone  
  16  0:56  Hatchery  
  15  0:58  Drone x2  
  15  1:01  Drone  
  18  1:12  Extractor  
  18  1:17  Spawning Pool  
  16  1:20  Drone  
  16  1:24  Drone  
  18  1:46  Drone  
  19  2:09  Zergling x8  
  25  2:23  Queen  
  25  2:34  Extractor  
  25  2:35  Roach Warren  
  23  2:43  Metabolic Boost  
  23  2:47  Drone x2  
  25  2:58  Drone x2  
  27  3:08  Overlord  
  27  3:29  Roach  
  27  3:34  Drone  
  29  3:35  Overlord  
  28  3:45  Overlord  
  28  3:53  Roach x2  
  28  3:54  Ravager  
  31  4:03  Lair  
  31  4:07  Overlord  
  31  4:08  Roach x3  
  37  4:19  Ravager x2  
  39  4:29  Drone  
  40  4:34  Ravager  
  40  4:37  Overlord  
  41  4:57  Hatchery  
  41  4:58  Drone  
  41  5:08  Drone  
  41  5:10  Nydus Network  
  41  5:13  Drone  
  41  5:14  Drone  
  43  5:24  Drone  
  44  5:28  Drone  
  44  5:30  Glial Reconstitution  
  44  5:32  Drone x2  
  47  5:36  Drone  
  47  5:41  Drone  
  49  5:46  Nydus Canal  
  49  5:54  Drone  
  50  5:59  Drone  
  50  6:00  Drone x2  
  53  6:16  Drone x2, Queen  
  57  6:27  Nydus Canal  
  57  6:42  Drone x7  
  57  6:45  Extractor x2  
  57  7:07  Hatchery, Overlord x2  
  56  7:10  Drone x4  
  56  7:12  Hydralisk Den  
  52  7:33  Infestation Pit  
  52  7:34  Spire  
  52  7:35  Drone x5, Evolution Chamber  
  52  7:36  Evolution Chamber  
  50  7:37  Baneling Nest  
  50  7:39  Overlord  
  49  7:49  Queen  
  53  7:51  Overlord  
  53  7:52  Drone x2  
  53  7:55  Pneumatized Carapace  
  53  7:57  Drone  
  54  8:02  Drone x4  
  58  8:06  Zerg Melee Weapons Level 1  
  58  8:09  Zerg Ground Armor Level 1  
  58  8:11  Drone  
  59  8:14  Drone  
  59  8:19  Queen  
  62  8:31  Overlord x2  
  62  8:38  Queen  
  64  8:42  Hive  
  64  8:48  Mutalisk x5  
  64  8:53  Extractor x2  
  71  8:59  Queen  
  73  9:04  Mutalisk x2  
  73  9:06  Spore Crawler  
  73  9:08  Drone x3  
  73  9:09  Drone  
  78  9:24  Mutalisk x2  
  80  9:37  Drone x11  
  91  9:47  Hatchery  
  90  9:55  Spore Crawler  
  90  9:56  Spore Crawler  
  90  9:57  Drone  
  75  10:00  Corruptor x3  
  81  10:08  Corruptor x2  
  81  10:16  Greater Spire  
  81  10:19  Overlord x2  
  81  10:24  Spore Crawler  
  81  10:25  Spore Crawler  
  81  10:26  Drone x5  
  84  10:31  Corruptor  
  86  10:37  Corruptor  
  86  10:38  Overseer  
  86  10:41  Corruptor  
  90  10:48  Drone x7  
  97  10:51  Extractor  
  97  10:54  Drone x3, Extractor  
  98  10:57  Drone x3  
  98  11:01  Zerg Melee Weapons Level 2  
  101  11:11  Spire  
  100  11:14  Corruptor x2  
  104  11:21  Queen  
  106  11:29  Drone x6  
  106  11:31  Zerg Flyer Weapons Level 1  
  112  11:42  Overlord x4  
  112  11:50  Spore Crawler  
  111  11:54  Overlord x5  
  111  12:02  Hatchery  
  111  12:06  Overlord x2  
  110  12:11  Corruptor x4  
  110  12:14  Corruptor  
  120  12:23  Overlord  
  120  12:24  Corruptor x2, Overlord  
  124  12:38  Drone  
  124  12:39  Drone x6  
  124  12:41  Drone x2  
  124  12:42  Drone x3  
  136  12:45  Corruptor x4  
  136  12:50  Drone x2  
  146  12:51  Spore Crawler  
  146  12:52  Spore Crawler  
  146  12:54  Spore Crawler  
  146  12:56  Spore Crawler  
  140  13:15  Corruptor x6  
  138  13:45  Extractor, Spore Crawler  
  138  13:46  Extractor  
Show
View Real Time Build Order
Export as new Build Order

Massa Terran 

Build Orders:  

Get SALT Encoding   

  12  0:02  SCV  
  13  0:14  SCV  
  14  0:23  Supply Depot  
  14  0:26  SCV  
  15  0:44  SCV  
  15  0:48  Barracks  
  16  0:56  SCV  
  17  1:09  SCV  
  18  1:17  Refinery x2  
  18  1:22  SCV  
  19  1:36  Barracks  
  19  1:39  Marine  
  20  1:46  SCV, Supply Depot  
  21  1:58  SCV  
  21  1:59  Reaper  
  23  2:11  Bunker  
  24  2:31  Reaper  
  21  3:07  Marine  
  21  3:11  Supply Depot  
  22  3:25  Marine  
  23  3:40  SCV  
  24  3:52  SCV  
  25  3:56  Marine  
  26  4:05  SCV  
  27  4:14  Marine  
  28  4:25  Orbital Command  
  28  4:26  Command Center  
  28  4:32  Marine  
  28  4:36  Barracks Tech Lab  
  28  4:37  Barracks  
  29  4:39  Factory  
  29  4:49  Marine  
  30  5:23  Factory Tech Lab  
  30  5:25  Stimpack  
  30  5:26  Barracks Tech Lab  
  30  5:32  SCV  
  31  5:41  Orbital Command  
  31  5:44  SCV  
  31  5:45  Siege Tank  
  35  5:54  Engineering Bay  
  35  5:56  SCV  
  36  5:58  Marine  
  36  6:01  Combat Shield  
  36  6:16  Marine  
  36  6:17  Siege Tank  
  35  6:24  Marauder x2  
  28  6:45  Marauder  
  28  6:46  Marauder  
  16  6:49  Widow Mine  
  16  6:55  SCV  
  17  7:06  SCV  
  17  7:07  Marauder  
  20  7:11  Widow Mine  
  22  7:37  SCV x2  
  24  7:45  Widow Mine  
  24  7:49  SCV x2  
  28  8:01  SCV x2  
  30  8:13  SCV  
  30  8:16  Concussive Shells  
  30  8:18  SCV  
  32  8:25  SCV  
  33  8:28  Terran Infantry Weapons Level 1  
  33  8:29  Marine  
  33  8:30  SCV  
  35  8:36  Marauder  
  35  8:38  SCV  
  35  8:40  Marauder  
  40  8:42  SCV  
  40  8:47  Marine  
  42  8:50  SCV  
  43  9:17  SCV x2  
  44  9:29  SCV x2, Missile Turret  
  45  9:33  Missile Turret  
  45  9:34  Widow Mine  
  45  9:37  Missile Turret  
  47  9:41  SCV x2, Missile Turret  
  48  9:50  Missile Turret  
  43  9:53  SCV  
  43  9:55  Widow Mine  
  44  10:11  Missile Turret  
  44  10:18  Marauder x2  
  44  10:19  Marine  
  44  10:21  SCV x2  
  51  10:37  Marine  
  51  10:39  Missile Turret  
  51  10:40  Marauder  
  51  10:42  Sensor Tower  
  54  10:44  Supply Depot  
  54  10:47  Supply Depot  
  54  11:02  Supply Depot  
  54  11:05  Marine  
  54  11:06  Marauder x2  
  59  11:23  Marine  
  60  11:27  Widow Mine, Marauder x2  
  65  11:41  Marine  
  66  11:48  Widow Mine, Marauder  
  70  11:55  Supply Depot  
  70  12:02  Supply Depot  
  70  12:04  Supply Depot  
  70  12:16  Marine x2  
  70  12:17  SCV x2, Marauder  
  76  12:28  Siege Tank  
  76  12:29  SCV x2  
  81  12:34  Marine x2  
  83  12:38  Marauder  
  83  12:41  SCV x2  
  87  12:52  Marine  
  87  12:53  SCV x2, Marauder  
  92  13:05  SCV x2  
  82  13:17  SCV  
Show
View Real Time Build Order
Export as new Build Order

qqq Protoss 

Build Orders:  

Get SALT Encoding   

  12  0:02  Probe  
  13  0:15  Pylon  
  13  0:18  Probe  
  14  0:30  Probe  
  15  0:37  Forge  
  15  0:43  Probe  
  16  0:55  Probe  
  17  1:12  Pylon  
  17  1:32  Pylon  
  17  1:46  Photon Cannon  
  17  2:04  Photon Cannon  
  17  2:05  Pylon  
  17  2:07  Photon Cannon  
  16  2:13  Photon Cannon  
  16  2:16  Pylon  
  16  2:34  Probe  
  17  2:47  Nexus  
  17  2:55  Pylon  
  17  3:04  Pylon  
  17  3:15  Photon Cannon x2  
  17  3:20  Photon Cannon  
  17  3:27  Pylon  
  17  3:36  Probe  
  17  3:40  Assimilator  
  18  3:48  Probe  
  19  4:00  Probe  
  20  4:06  Probe  
  21  4:12  Probe  
  22  4:18  Probe  
  23  4:24  Probe  
  23  4:30  Probe, Gateway  
  25  4:34  Assimilator  
  25  4:36  Probe  
  26  4:42  Probe  
  26  4:44  Photon Cannon  
  27  4:49  Probe  
  27  4:51  Photon Cannon  
  28  4:54  Probe, Pylon  
  29  5:06  Probe  
  30  5:19  Probe  
  31  5:23  Cybernetics Core  
  31  5:27  Assimilator  
  31  5:31  Probe, Assimilator  
  31  5:35  Probe  
  33  5:43  Probe  
  34  5:55  Probe  
  35  5:58  Stalker  
  35  6:03  Nexus  
  35  6:07  Probe  
  38  6:13  Stargate  
  38  6:19  Protoss Air Weapons Level 1  
  38  6:21  Photon Cannon, Stalker  
  38  6:22  Pylon  
  38  6:25  Photon Cannon  
  38  6:28  Photon Cannon  
  38  6:29  Probe  
  41  6:37  Probe  
  41  6:45  Probe  
  42  6:47  Stalker  
  42  6:53  Void Ray  
  45  6:57  Probe  
  47  7:09  Probe  
  47  7:14  Photon Cannon, Shield Battery  
  45  7:17  Pylon, Stalker  
  42  7:36  Void Ray  
  46  7:37  Stargate  
  46  7:40  Probe  
  47  7:52  Probe  
  48  7:58  Probe  
  48  8:03  Probe  
  48  8:04  Probe  
  51  8:10  Probe  
  52  8:15  Probe  
  52  8:16  Probe  
  52  8:19  Phoenix  
  56  8:22  Probe  
  58  8:27  Probe  
  58  8:29  Probe  
  59  8:35  Probe  
  59  8:39  Probe, Phoenix  
  59  8:41  Probe  
  64  8:44  Phoenix  
  64  8:47  Probe  
  67  8:49  Pylon  
  67  8:53  Probe  
  68  8:59  Probe  
  69  9:04  Phoenix  
  69  9:05  Probe  
  72  9:11  Probe  
  73  9:21  Phoenix  
  75  9:29  Phoenix  
  69  9:46  Phoenix  
  69  9:50  Stargate  
  71  9:54  Phoenix, Protoss Air Armor Level 1  
  73  10:11  Photon Cannon, Phoenix  
  73  10:14  Photon Cannon  
  75  10:19  Phoenix  
  71  10:36  Phoenix  
  71  10:43  Phoenix  
  71  10:48  Fleet Beacon  
  73  10:50  Stargate  
  73  10:53  Phoenix  
  75  11:01  Phoenix, Nexus  
  77  11:05  Pylon  
  77  11:07  Pylon  
  77  11:08  Pylon  
  73  11:37  Carrier x3  
  87  11:48  Photon Cannon  
  87  11:49  Photon Cannon  
  87  11:51  Photon Cannon  
  87  11:53  Photon Cannon  
  87  11:55  Photon Cannon  
  87  12:00  Photon Cannon  
  87  12:05  Photon Cannon  
  87  12:09  Shield Battery  
  87  12:11  Shield Battery  
  85  12:41  Phoenix x3  
  85  12:42  Phoenix  
  91  12:49  Probe  
  92  13:02  Probe  
  93  13:06  Phoenix x3  
  93  13:07  Phoenix  
  99  13:14  Probe  
  100  13:26  Probe  
Tags
 
Add a new tag
Caveats
  • Supply blocks, unpowered buildings, or Contaminate may cause inaccurate times.
  • Supply counts are checked every 10 seconds.